 Dungeon Crawl Stone Soup version 0.26-a0-651-gb41185065b (webtiles) character file.

Game seed: 1341101426275669870

(classic levelgen) 41834 EnegeticOcto the Protected (level 13, -30/128 HPs)
             Began as a Deep Dwarf Fighter on Oct 14, 2020.
             Was a High Priest of Makhleb.
             Killed from afar by Frances (49 damage)
             ... with an iron shot
             ... on level 14 of the Dungeon.
             The game lasted 00:11:36 (10041 turns).

EnegeticOcto the Protected (Deep Dwarf Fighter)    Turns: 10041, Time: 00:11:37

Health: -30/128    AC: 17    Str: 24    XL:     13   Next: 82%
Magic:  1/1        EV:  4    Int: 10    God:    Makhleb [*****.]
Gold:   794        SH: 12    Dex: 14    Spells: 12/12 levels left

rFire    + . .     SeeInvis +   a - +1 war axe
rCold    . . .     Faith    .   c - +0 kite shield
rNeg     . . .     Spirit   .   b - +0 crystal plate armour
rPois    +         Reflect  .   o - +1 helmet
rElec    .         Harm     .   (no cloak)
rCorr    .         Rampage  .   p - +2 pair of gloves
MR       +....                  (no boots)
Stlth    ..........             x - amulet "Zaqoo" {rF+ Regen+ Dex+2 SInv}
HPRegen  0.00/turn              D - +4 ring of slaying
MPRegen  0.07/turn              F - ring "Emmaetin" {+Fly rPois}

@: corroded, non-regenerating, studying Armour
A: damage resistance, heal wounds, sense surroundings 2, no regeneration
a: Heal Wounds, Minor Destruction, Lesser Servant of Makhleb, Major Destruction,
Greater Servant of Makhleb, Renounce Religion, Evoke Flight


You were on level 14 of the Dungeon.
You worshipped Makhleb.
Makhleb was extremely pleased with you.
You visited 3 branches of the dungeon, and saw 17 of its levels.
You also visited: Bailey.

You collected 1853 gold pieces.
You spent 1059 gold pieces at shops.

Inventory:

Hand Weapons
 a - a +1 war axe (weapon)
Missiles
 t - 5 throwing nets (quivered)
Armour
 b - a +0 crystal plate armour (worn)
 c - a +0 kite shield (worn)
 d - the +1 plate armour "Caleagah" {rElec rC+ Regen+ Str+3}
   (You bought it in a shop on level 2 of the Orcish Mines)

   It affects your strength (+3).
   It protects you from cold.
   It insulates you from electricity.
   It increases your rate of regeneration.
 o - a +1 helmet (worn)
 p - a +2 pair of gloves (worn)
Jewellery
 x - the amulet "Zaqoo" (around neck) {rF+ Regen+ Dex+2 SInv}
   (You took it off a centaur on level 10 of the Dungeon)

   [amulet of regeneration]

   It affects your dexterity (+2).
   It protects you from fire.
   It lets you see invisible.
   It increases your rate of regeneration.
 D - a +4 ring of slaying (left hand)
 F - the ring "Emmaetin" (right hand) {+Fly rPois}
   (You found it on level 9 of the Dungeon)

   [ring of poison resistance]

   It protects you from poison.
   It lets you fly.
Wands
 h - a wand of polymorph (8)
 y - a wand of digging (7) {@v3}
 A - a wand of iceblast (7) {@v2}
Scrolls
 e - 2 scrolls of fog
 j - 2 scrolls of magic mapping {@r5}
 k - a scroll of immolation {@r4}
 l - 5 scrolls of enchant weapon
 q - 8 scrolls of teleportation {@r3}
 r - 7 scrolls of remove curse {@r2}
 s - a scroll of identify {@r1}
 E - 2 scrolls of blinking
Potions
 f - 2 potions of mutation
 g - 4 potions of curing {@q1}
 m - 2 potions of heal wounds {@q2}
 n - 3 potions of stabbing
 u - 4 potions of lignification
 v - 3 potions of ambrosia
 w - a potion of brilliance
 z - 2 potions of cancellation
 G - a potion of resistance {@q5}
Books
 i - a manual of Armour
Miscellaneous
 B - a phantom mirror (inert)


   Skills:
 + Level 11.7 Fighting
 * Level 13.5 Axes
 * Level 14.0 Armour
 + Level 10.3 Shields
 * Level 11.5 Invocations


You had 12 spell levels left.
You didn't know any spells.
Your spell library was empty.

Dungeon Overview and Level Annotations

Branches:
Dungeon (14/15)            Temple (1/1) D:6            Lair (0/6) D:10
    Orc (2/2) D:12            Elf (0/3) Orc:2        Bailey (visited)
 Vaults: D:13-14

Altars:
Ashenzari
Cheibriados
Dithmenos
Elyvilon
Gozag
Hepliaklqana
Kikubaaqudgha
Makhleb
Nemelex Xobeh
Okawaru
Qazlal
Ru
Sif Muna
Trog
Vehumet
Wu Jian
Xom
Yredelemnul
The Shining One
Beogh

Shops:
D:4 =*   D:6 *   D:10 *}   Orc:2 [*:(

Annotations:
D:7 2 transporters
D:11 1 transporter
D:14 Frances


Innate Abilities, Weirdness & Mutations

You are resistant to damage.
You can heal yourself by infusing magical energy.
You passively map the area around you.
You do not regenerate.


Message History

Frances chants phrases taken from a devil's mouth.
The iron shot hits you!
* * * LOW HITPOINT WARNING * * *
The ynoxinul gestures.
You feel much better.
The boggart casts a spell.
The boggart flickers and vanishes for a moment.
Frances hits you but does no damage.
The ynoxinul gestures.
You block Frances's attack.
You feel much better.
The orc priest invokes the aid of Beogh against you.
Beogh smites you!
Frances screams a word of power!
You feel much better.
Frances whispers indecipherable words.
The shard of ice misses you.
The boggart mumbles some strange words.
The boggart blinks!
The boggart mumbles some strange words.
The boggart blinks!
The ynoxinul gestures.
Frances hits you but does no damage. You block the rust devil's attack.
You hit Frances.
Frances is severely wounded.
You barely miss the rust devil.
Frances says, "Would you challenge me, knowing my power?"
You block Frances's attack.
You hit Frances.
Frances is severely wounded.
You hit the rust devil but do no damage.
The boggart mumbles some strange words.
The boggart blinks!
A rime drake comes into view.
The rust devil hits you. The rust devil corrodes you!
Frances chants phrases taken from a devil's mouth.
You block the iron shot.
The brown ugly thing basks in the mutagenic energy from its kin and changes!
The rime drake moves out of view.
You hit Frances.
Frances is severely wounded.
You slash the rust devil! You block Frances's attack.
The ynoxinul gestures.
The rust devil hits you. The rust devil corrodes you!
You hit Frances but do no damage.
Frances is severely wounded.
You closely miss the rust devil. You block Frances's attack.
The ynoxinul gestures.
The rust devil hits you. The rust devil corrodes you!
The orc priest invokes the aid of Beogh against you.
Beogh smites you!
You slice Frances!!
Frances is almost dead.
You hit the rust devil.
The ynoxinul disappears in a puff of smoke!
The ufetubus disappears in a puff of smoke! x3
Frances hits you with a +0 short sword.
Frances mutters in a terrible tongue.
The iron shot hits you!! The rust devil hits you. The rust devil corrodes you!
You are too injured to fight recklessly!
You are too injured to fight recklessly!
You are too injured to fight recklessly!
You are too injured to fight recklessly!
You are too injured to fight recklessly!
You are too injured to fight recklessly!
You are too injured to fight recklessly!
You are too injured to fight recklessly!
You are too injured to fight recklessly!
You are too injured to fight recklessly!
You are too injured to fight recklessly!
You are too injured to fight recklessly!
You are too injured to fight recklessly!
You are too injured to fight recklessly!
You are too injured to fight recklessly!
You are too injured to fight recklessly!
You are too injured to fight recklessly!
You are too injured to fight recklessly!
You are too injured to fight recklessly!
You are too injured to fight recklessly!
You are too injured to fight recklessly!
You are too injured to fight recklessly!
You are too injured to fight recklessly!
You are too injured to fight recklessly!
You are too injured to fight recklessly!
You are too injured to fight recklessly!
You are too injured to fight recklessly!
You are too injured to fight recklessly!
You are too injured to fight recklessly!
You are too injured to fight recklessly!
You feel much better.
Frances mutters in a terrible tongue.
The iron shot hits you!!!
* * * LOW HITPOINT WARNING * * *
The rust devil hits you. The rust devil corrodes you!
You hit Frances.
Frances is almost dead.
You slash the rust devil!
Frances screams a word of power!
The iron shot hits you!!!
You die... ** , , +.≈#####...* , , , #§≈≈≈≈≈... * ,,, #.§.Yo... ,, ,, , , §YYo9gg * * , YFDWF * ,,uDu

,* #@## * #@4#
##.### , #...# *
#######'## * * ,,
########........#
* , , ,
+......'........#
,
########(.......+
, , , , ,,
#........# ** ,*
#........# *


You could see Frances (fast), a fire dragon (summoned), 2 ugly things, a rust
devil (summoned), 4 yaks, a wraith (summoned), an acid dragon, a gargoyle
(summoned), 2 bullfrogs, 2 boggarts, an orc priest (summoned) and an orc
(summoned).

Vanquished Creatures
  Saint Roka (Orc:2)
  A yaktaur captain (D:10)
  Erolcha (Orc:2)
  Harold (D:7)
  4 two-headed ogres
  An orc high priest (Orc:2)
  Nergalle (Orc:2)
  3 skeletal warriors (D:12)
  2 unseen horrors
  A wizard (D:14)
  2 orc knights (Orc:2)
  A deep elf mage (D:10)
  3 manticores
  An orc sorcerer (Orc:2)
  2 ugly things
  A cyclops (D:14)
  Psyche (D:8)
  2 gargoyles
  A kobold demonologist (D:10)
  2 efreet (D:10)
  A redback zombie (D:13)
  3 trolls
  A hornet (D:10)
  4 slime creatures (D:14)
  4 hippogriffs
  A shadow (D:13)
  A water elemental (D:12)
  6 yaks (D:13)
  2 wraiths
  2 wyverns
  4 vampire mosquitoes
  3 wargs (Orc:2)
  29 orc warriors
  6 sky beasts
  4 ice beasts
  2 eyes of draining
  2 black bears
  A hornet zombie (D:10)
  4 phantoms
  10 ogres
  A boggart (D:14)
  13 centaurs
  4 big kobolds
  10 bullfrogs
  A water moccasin zombie (D:6)
  4 scorpions
  3 killer bees (D:10)
  5 howler monkeys
  3 wights (D:11)
  An electric eel (D:12)
  4 centaur zombies
  A gnoll shaman (D:4)
  10 hounds
  3 bullfrog skeletons
  9 orc priests
  A centaur skeleton (D:5)
  6 iguanas
  3 jellies
  17 orc wizards
  9 worker ants
  A killer bee zombie (D:9)
  A hound zombie (D:5)
  A hound skeleton (D:9)
  9 adders
  4 gnolls (D:4)
  2 shadow imps
  5 white imps
  2 ufetubi
  An adder zombie (D:1)
  An adder skeleton (D:10)
  3 worms
  2 dart slugs
  4 leopard geckos
  78 orcs
  6 giant cockroaches
  2 goblins
  3 hobgoblins
  9 jackals
  19 kobolds
  5 quokkas
  4 ball pythons
  A frilled lizard (D:3)
  A jackal skeleton (D:6)
  A leopard gecko skeleton (D:5)
  3 quokka skeletons
  2 rats
400 creatures vanquished.

Vanquished Creatures (collateral kills)
  Urug (Orc:2)
  An orc sorcerer (Orc:2)
  A warg (Orc:2)
  An orc warrior (Orc:2)
  4 orc priests (Orc:2)
  An orc wizard (Orc:2)
  2 orcs (Orc:2)
11 creatures vanquished.

Vanquished Creatures (others)
  A troll (D:10)
  A shadow (D:10)
  A bullfrog (D:10)
  A worker ant (D:10)
  A white imp (D:10)
  18 plants (D:6)
23 creatures vanquished.

Grand Total: 434 creatures vanquished

Notes
Turn   | Place    | Note
-------+----------+-------------------------------------------
     0 | D:1      | EnegeticOcto the Deep Dwarf Fighter began the quest for the
                  | Orb.
     0 | D:1      | Reached XP level 1. HP: 20/20 MP: 1/1
   107 | D:2      | Reached XP level 2. HP: 25/27 MP: 2/2
   138 | D:2      | Found a radiant altar of Vehumet.
   179 | D:3      | Reached XP level 3. HP: 17/34 MP: 3/3
   286 | D:3      | Reached XP level 4. HP: 34/42 MP: 4/4
   399 | D:3      | Noticed a phantom
   411 | D:3      | Killed a phantom
   411 | D:3      | Reached skill level 4 in Armour
   411 | D:3      | Reached XP level 5. HP: 41/49 MP: 4/4
   560 | D:4      | Reached XP level 6. HP: 49/57 MP: 5/5
   614 | D:4      | Reached skill level 5 in Axes
   713 | D:4      | Found Causahep's Assorted Antiques.
   725 | D:4      | Bought a scroll labeled GUEZIETUAL for 17 gold pieces
   725 | D:4      | Bought a scroll labeled RUUFUV KARUW for 17 gold pieces
   725 | D:4      | Bought a scroll labeled VONUNOPPEU for 17 gold pieces
   795 | D:4      | Reached XP level 7. HP: 43/64 MP: 6/6
   816 | D:4      | Reached skill level 5 in Armour
   816 | D:4      | Reached skill level 5 in Shields
   844 | D:4      | Found Ytur's Jewellery Boutique.
  1120 | D:5      | Entered Level 5 of the Dungeon
  1298 | D:5      | Reached XP level 8. HP: 48/73 MP: 6/6
  1794 | D:5      | Reached skill level 5 in Fighting
  1794 | D:5      | Reached skill level 6 in Armour
  1865 | D:6      | Found Caineewa's Assorted Antiques.
  1931 | D:6      | Found a staircase to the Ecumenical Temple.
  1949 | Temple   | Entered the Ecumenical Temple
  2334 | Temple   | Became a worshipper of Makhleb the Destroyer
  2751 | D:6      | Found a broken altar of Ashenzari.
  2831 | D:6      | Reached skill level 1 in Invocations
  3047 | D:7      | Noticed Harold
  3081 | D:7      | Killed Harold
  3081 | D:7      | Gained mutation: You passively map the area around you.
                  | [Deep Dwarf growth]
  3081 | D:7      | Reached XP level 9. HP: 44/81 MP: 7/9
  3284 | D:7      | Found a sacrificial altar of Ru.
  3362 | D:7      | Found a shadowy altar of Dithmenos.
  3362 | D:7      | Found a basalt altar of Yredelemnul.
  3401 | D:7      | Found a transporter.
  3416 | D:7      | Noticed a centaur warrior
  3424 | D:7      | Found a white marble altar of Elyvilon.
  3434 | D:7      | Found a transporter.
  3631 | D:8      | Reached skill level 7 in Armour
  4016 | D:8      | Reached * piety under Makhleb
  4075 | D:8      | Noticed Psyche
  4082 | D:8      | Killed Psyche
  4121 | D:8      | Reached XP level 10. HP: 55/91 MP: 10/10
  4228 | D:8      | Found a snail-covered altar of Cheibriados.
  4680 | D:9      | You fall into a shaft and drop 3 floors!
  4691 | D:12     | Reached skill level 5 in Invocations
  4701 | D:12     | Reached skill level 10 in Axes
  4733 | D:12     | Found a staircase to the Orcish Mines.
  4734 | D:12     | Noticed a green ugly thing
  4773 | D:12     | Killed a green ugly thing
  4862 | D:12     | Reached skill level 8 in Armour
  4871 | D:12     | Found an ornate altar of the Wu Jian Council.
  4952 | D:12     | Found a flagged portal.
  4964 | Bailey   | Entered a bailey
  5008 | Bailey   | Reached ** piety under Makhleb
  5569 | D:12     | Noticed a cyclops
  5569 | D:12     | Noticed a purple ugly thing
  5572 | D:12     | Noticed a skeletal warrior
  5572 | D:12     | Noticed a fire giant
  5573 | D:12     | Noticed a fire giant
  5584 | D:12     | Noticed a skeletal warrior
  5585 | D:12     | Noticed a skeletal warrior
  5658 | D:12     | Killed a skeletal warrior
  5665 | D:12     | Killed a skeletal warrior
  5665 | D:12     | Reached skill level 9 in Armour
  5665 | D:12     | Reached XP level 11. HP: 78/100 MP: 5/7
  5696 | D:12     | Killed a skeletal warrior
  5720 | D:11     | Reached skill level 10 in Fighting
  5720 | D:11     | Reached XP level 12. HP: 91/118 MP: 0/8
  6061 | D:11     | Found a transporter.
  6131 | D:11     | Reached *** piety under Makhleb
  6213 | D:11     | Reached skill level 10 in Armour
  6272 | D:11     | Found a bloodstained altar of Trog.
  6546 | D:10     | Entered Level 10 of the Dungeon
  6574 | D:10     | Found Fypaos's Fabulous Fripperies.
  6653 | D:10     | Found a staircase to the Lair.
  6803 | D:10     | Found Afaxu's Gadget Boutique.
  6820 | D:10     | Noticed a two-headed ogre
  6839 | D:10     | Killed a two-headed ogre
  6840 | D:10     | Noticed a yaktaur captain
  6870 | D:10     | Reached skill level 11 in Armour
  6887 | D:10     | Killed a yaktaur captain
  6897 | D:10     | Identified the amulet "Zaqoo" {rF+ Regen+ Dex+2 SInv}
  6909 | D:10     | Reached **** piety under Makhleb
  7146 | D:10     | Identified the cursed +0 plate armour "Tusonnen" {Rampage
                  | +Blink rC- Str+4}
  7174 | D:10     | Noticed a two-headed ogre
  7184 | D:10     | Killed a two-headed ogre
  7698 | D:9      | Reached skill level 12 in Armour
  7761 | D:9      | Got a crude turquoise ring
  7907 | D:9      | Reached XP level 13. HP: 118/127 MP: 5/5
  7940 | D:9      | Reached ***** piety under Makhleb
  8174 | Orc:1    | Entered Level 1 of the Orcish Mines
  8367 | Orc:2    | Entered Level 2 of the Orcish Mines
  8432 | Orc:2    | Found a staircase to the Elven Halls.
  8748 | Orc:2    | Noticed Urug
  8748 | Orc:2    | Noticed Erolcha
  8756 | Orc:2    | Noticed Nergalle
  8779 | Orc:2    | Reached skill level 10 in Invocations
  8788 | Orc:2    | Killed Nergalle
  8790 | Orc:2    | Killed Urug
  8794 | Orc:2    | Killed Erolcha
  8810 | Orc:2    | Found a roughly hewn altar of Beogh.
  8812 | Orc:2    | Noticed Saint Roka
  8831 | Orc:2    | Reached skill level 10 in Shields
  8834 | Orc:2    | Killed Saint Roka
  8834 | Orc:2    | Reached skill level 13 in Armour
  8852 | Orc:2    | Found Faut's Antique Armour Shop.
  8864 | Orc:2    | Found Zunuurha's General Store.
  9061 | Orc:2    | Found Zoda's Book Shop.
  9097 | Orc:2    | Found Caf Zym's Antique Weapon Shop.
  9269 | Orc:2    | Bought a heavily runed plate armour for 1008 gold pieces
  9269 | Orc:2    | Identified the +1 plate armour "Caleagah" {rElec rC+ Regen+
                  | Str+3} (You bought it in a shop on level 2 of the Orcish
                  | Mines)
  9270 | Orc:2    | Identified the ring "Emmaetin" {+Fly rPois} (You found it
                  | on level 9 of the Dungeon)
  9463 | D:13     | Found a shadowy altar of Dithmenos.
  9991 | D:14     | Reached skill level 14 in Armour
 10006 | D:14     | Noticed Frances
 10010 | D:14     | Noticed a fire dragon
 10041 | D:14     | Killed from afar by Frances

Illustrated notes

Levels and vault maps discovered:
D:1:      saegor_arrival_fortress, layout_rooms
D:2:      layout_rooms, lemuel_crystal_altar, minmay_pentomino_w2
D:3:      layout_basic, nicolae_overflow_hidden_temple,
          hangedman_decor_clover_reticule
D:4:      layout_cave_pools, serial_park, serial_park_paths
          [serial_park_minivault_5x5_1], serial_park_square3
          [serial_park_minivault_5x5_6], serial_park_square3
          [serial_park_minivault_5x5_3], serial_park_tiny_2, serial_park_square3
          [serial_park_minivault_5x5_2], serial_shops, shop, shop
D:5:      layout_basic
D:6:      layout_basic, lemuel_coloured_pillars_altar,
          minmay_temple_entry_waves, serial_shops, nicolae_shop_statue_plus,
          small_statue_intersection, serial_bayou_lagoon_b
D:7:      layout_gridville, kennysheep_little_box,
          gammafunk_temple_overflow_arena, gammafunk_temple_overflow_elements,
          uniq_harold
D:8:      layout_basic, old_standard_altar, minivault_25,
          minmay_misc_feat_square, uniq_psyche
D:9:      layout_irregular_city
D:10:     minmay_the_grid_square_5x5_4x4 [minmay_the_grid_square_5x5_v,
          minmay_the_grid_square_5x5_z,
          minmay_the_grid_square_5x5_fancy_junction,
          minmay_the_grid_square_5x5_misaligned,
          minmay_the_grid_square_5x5_inset,
          minmay_the_grid_square_5x5_prize_junk,
          minmay_the_grid_square_5x5_prize_monsterx,
          minmay_the_grid_square_5x5_beaten_path,
          minmay_the_grid_square_5x5_doubleslash,
          minmay_the_grid_square_5x5_prize_pseudospiral,
          minmay_the_grid_square_5x5_prize_waves,
          minmay_the_grid_square_5x5_minibox, minmay_the_grid_square_5x5_three,
          minmay_the_grid_square_5x5_eight_small,
          minmay_the_grid_square_5x5_one_wall, minmay_the_grid_square_5x5_n],
          layout_loops_cross, serial_shops, nicolae_shop_behind_doors,
          nicolae_alphabet_shops
D:11:     gammafunk_cloud_chamber, layout_cave_pods, basic_altar
D:12:     cross_vault, layout_rooms, david_orc_2, basic_altar, enter_bailey_2
D:13:     layout_cave_pools, hangedman_decor_points, grunt_dithmenos_smoke
D:14:     layout_roguey, hangedman_vaults_entry_quadrant_bands, minivault_24,
          portal_ice_cave_rime, corexii_corridor_pit, uniq_frances
Temple:   minmay_temple_forest_path
Orc:1:    layout_diamond_mine, abandoned_shop
Orc:2:    grunt_orc_cross, layout_diamond_mine, nicolae_orc_crystal_geode,
          uniq_erolcha

Skill      XL: |  1  2  3  4  5  6  7  8  9 10 11 12 13 |
---------------+----------------------------------------+-----
Fighting       | 3 4 5 6 7 10 11 | 11.7
Axes           | 3 4 5 6 8 9 11 12 13 | 13.5
Armour         | 4 5 6 7 9 12 14 | 14.0
Shields        | 4 5 6 7 8 9 10 | 10.3
Invocations    | 3 4 6 7 9 11 | 11.5

Action                   |  1- 3 |  4- 6 |  7- 9 | 10-12 | 13-15 || total
-------------------------+-------+-------+-------+-------+-------++-------
Melee: War axe           |    81 |   138 |   416 |   875 |   265 ||  1775
Invok: Lesser Servant of |       |       |       |       |     3 ||     3
       Greater Servant o |       |       |       |       |     1 ||     1
 Abil: Heal Wounds       |     1 |     7 |     9 |    44 |    13 ||    74
Evoke: Phantom mirror    |       |       |       |       |     1 ||     1
  Use: Scroll            |       |     2 |    15 |    10 |     7 ||    34
       Potion            |       |       |       |     4 |     1 ||     5
 Stab: Distracted        |       |       |       |       |     2 ||     2
Armor: Scale mail        |    37 |    14 |       |       |       ||    51
       Chain mail        |       |    77 |   234 |    43 |       ||   354
       Crystal plate arm |       |       |       |   480 |   141 ||   621
       Plate armour      |       |       |       |    52 |       ||    52
Dodge: Dodged            |    41 |    44 |   104 |   138 |    40 ||   367
Block: Kite shield       |    60 |   107 |   237 |   618 |   146 ||  1168

Table legend: (Time is in decaauts)
 A = Elapsed time spent in this place.
 B = Non-inter-level travel time spent in this place.
 C = Inter-level travel time spent in this place.
 D = Time resting spent in this place.
 E = Time spent auto-exploring this place.
 F = Levels seen in this place.
 G = Mean time per level.
                   A        B        C        D        E       F      G
               +--------+--------+--------+--------+--------+-----+--------+
         Total |  10242 |   9631 |    611 |      9 |   6282 |  18 |  569.0 |
       Dungeon |   8150 |   7757 |    393 |      0 |   5055 |  14 |  582.1 |
        Temple |    436 |    338 |     98 |      0 |    336 |   1 |  436.0 |
  Orcish Mines |   1146 |   1026 |    120 |      9 |    800 |   2 |  573.0 |
        Bailey |    508 |    508 |      0 |      0 |     91 |   1 |  508.0 |
               +--------+--------+--------+--------+--------+-----+--------+

Top non-repeatable levels by time:
     D:8: 1077 daAuts
    D:10: 1008 daAuts
    D:11: 894 daAuts
     D:6: 786 daAuts
   Orc:2: 771 daAuts
     D:5: 760 daAuts
     D:4: 726 daAuts
     D:9: 599 daAuts
    D:12: 583 daAuts
     D:7: 546 daAuts
    D:13: 536 daAuts
  Bailey: 508 daAuts
  Temple: 436 daAuts
   Orc:1: 374 daAuts
     D:3: 333 daAuts
